 Dungeon Crawl Stone Soup version 0.29.1-15-g9cfb28693d (webtiles) character file.

Game seed: 10083724902438604554

319 redmage the Digger (level 7, -6/50 HPs)
             Began as a Meteoran Earth Elementalist on Sept 13, 2023.
             Was a Believer of Kikubaaqudgha.
             Killed by nerve-wracking pain
             ... invoked by an orc priest
              (14 damage)
             ... on level 4 of the Dungeon.
             The game lasted 00:07:52 (568 turns).

redmage the Digger (Meteoran Earth Elementalist)     Turns: 568, Time: 00:07:53

Health: -6/50      AC:  3    Str:  8 (9)  XL:     7   Next: 4%
Magic:  16/16      EV: 12    Int: 18 (19) God:    Kikubaaqudgha [**....]
Gold:   151        SH:  0    Dex: 12 (15) Spells: 10/16 levels left

rFire   . . .      SeeInvis .   o - +1 dagger (venom)
rCold   . . .      Faith    .   (no shield)
rNeg    . . .      Spirit   .   a - +0 robe
rPois   .          Reflect  .   l - +0 helmet
rElec   .          Harm     .   (no cloak)
rCorr   .          Rampage  .   (no gloves)
Will    .....                   (no boots)
Stlth   +.........              (no amulet)
HPRegen 0.16/turn               (no ring)
MPRegen 0.15/turn               (no ring)

@: confused, ambrosia-drunk, glowing
A: sense surroundings 1, otherworldly, glowing, explore regen
a: Renounce Religion, Unearth Wretches


You were on level 4 of the Dungeon.
You worshipped Kikubaaqudgha.
Kikubaaqudgha was pleased with you.
You visited 1 branch of the dungeon, and saw 5 of its levels.

You collected 151 gold pieces.

Inventory:

Hand Weapons
 e - a +0 mace of holy wrath
 o - a +1 dagger of venom (weapon)
Missiles
 c - 6 javelins
 p - a curare-tipped dart
Armour
 a - a +0 robe (worn)
 l - a +0 helmet (worn)
Scrolls
 d - 2 scrolls of noise {unknown}
 g - 2 scrolls of teleportation {unknown}
 i - a scroll of poison {unknown}
Potions
 b - a potion of magic
 h - a potion of berserk rage {unknown}
 j - a potion of degeneration


   Skills:
 - Level 2.4 Dodging
 - Level 1.4 Stealth
 + Level 5.4 Spellcasting
 + Level 3.2 Conjurations
 - Level 1.2 Transmutations
 + Level 6.0 Earth Magic


You had 10 spell levels left.
You knew the following spells:

 Your Spells              Type           Power      Damage    Failure   Level
a - Sandblast             Erth           52%        2d12      1%          1
b - Passwall              Tmut/Erth      14%        N/A       4%          2
c - Stone Arrow           Conj/Erth      42%        3d9       6%          3

Your spell library contained the following spells:

 Spells                   Type           Power      Damage    Failure   Level
 Beastly Appendage        Tmut           18%        N/A       8%          1
 Wereblood                Tmut           9%         N/A       12%         2
 Necrotise                Necr           16%        1d4       13%         1
 Petrify                  Tmut/Erth      17%        N/A       28%         4
 Spider Form              Tmut/Pois      7%         N/A       30%         3
 Vampiric Draining        Necr           4%         2d6       36%         3
 Anguish                  Hex/Necr       2%         N/A       77%         4
 Animate Dead             Necr           4%         N/A       77%         4


Dungeon Overview and Level Annotations

Branches:
Dungeon (5/15) Zot: 2401   Temple (0/1) D:4

Altars:
Kikubaaqudgha
Yredelemnul

Shops:
D:2 (


Innate Abilities, Weirdness & Mutations

You passively map a small area around you.
You are easily found by Zot.
You glow in the dark.
You regain HP and MP as you explore.


Message History

You hear a shout!
The orc closely misses you.
The orc priest hits you with a +0 falchion.
You hear a shout!
The orc priest casts a cantrip, but nothing happens.
The orc hits you with a +0 mace.
You climb upwards.
There is a stone staircase leading down here.
It was a potion of degeneration.
There was something very wrong with that liquid.
You feel weakened.
You feel dopey.
You feel clumsy. The orc closely misses you.
The orc priest hits you with a +0 falchion!
* * * LOW HITPOINT WARNING * * *
It was a potion of might.
You feel very mighty all of a sudden. The orc barely misses you.
The orc priest hits you with a +0 falchion!
* * * LOW HITPOINT WARNING * * *
It was a potion of cancellation.
Your magical effects are unravelling.
You feel magically purged.
You feel a little less mighty now.
The orc priest hits you with a +0 falchion.
* * * LOW HITPOINT WARNING * * *
The orc closely misses you.
It was a potion of ambrosia.
You are confused.
You feel invigorated. The orc hits you but does no damage.
The orc priest misses you.
Unknown command.
The orc attacks as you move away! The orc hits you with a +0 mace.
* * * LOW HITPOINT WARNING * * *
The orc priest barely misses you.
You bump into the rock wall.
The orc hits you with a +0 mace.
* * * LOW HITPOINT WARNING * * *
The orc priest calls down the wrath of Beogh upon you.
Pain shoots through your body!
You die...
Kikubaaqudgha rasps: "You have failed me!
Welcome... death!"

.P.†.≈≈.......##...........##....
.P...≈≈..####..).................
...†.≈≈..#...)†..............###.
.....≈≈..#._[....#...........##..
##.......#†.....##............#..
.......††)....#..................
.......†.....##.#..........##..##
............##..#o.##......# ###
#....†..........@o........##
#.>............###>##.....#
..†.#....#..#..#####...#..#
...##..#....##..#.#...##.##
.......#....#..##.....####
##....####..#.....#...# ....#.#
.##....<##### ...#### ###....#
#.## ######


You could see an orc priest and an orc.

Vanquished Creatures
  A water moccasin (D:4)
  A kobold brigand (D:4)
  2 hounds (D:4)
  An iguana (D:4)
  Robin (D:4)
  An adder (D:4)
  A bat (D:1)
  3 endoplasms
  A giant cockroach (D:1)
  8 goblins
  7 hobgoblins
  A jackal (D:2)
  6 kobolds
  4 ball pythons
  2 frilled lizards (D:2)
  2 rats
42 creatures vanquished.

Vanquished Creatures (others)
  A fungus (D:4)
  3 plants (D:2)
  5 toadstools (D:4)
9 creatures vanquished.

Grand Total: 51 creatures vanquished

Notes
Turn   | Place    | Note
-------+----------+-------------------------------------------
     0 | D:1      | redmage the Meteoran Earth Elementalist began the quest for
                  | the Orb.
     0 | D:1      | Reached XP level 1. HP: 14/14 MP: 5/5
    20 | D:1      | Found a faded altar of an unknown god.
    73 | D:1      | Prayed at the altar of an unknown god.
    73 | D:1      | Became a worshipper of Kikubaaqudgha
    73 | D:1      | Reached * piety under Kikubaaqudgha
    73 | D:1      | Received a gift from Kikubaaqudgha
   115 | D:1      | Reached XP level 2. HP: 20/20 MP: 4/7
   163 | D:2      | Reached skill level 4 in Earth Magic
   211 | D:2      | Learned a level 2 spell: Passwall
   214 | D:2      | Found Foenih's Weapon Shop.
   248 | D:3      | Reached XP level 3. HP: 23/26 MP: 4/8
   282 | D:4      | Found a staircase to the Ecumenical Temple.
   312 | D:4      | Reached XP level 4. HP: 33/33 MP: 7/11
   317 | D:4      | Learned a level 3 spell: Stone Arrow
   351 | D:4      | Reached skill level 1 in Conjurations
   351 | D:4      | Reached skill level 5 in Earth Magic
   351 | D:4      | Reached XP level 5. HP: 38/38 MP: 9/12
   355 | D:4      | Found a basalt altar of Yredelemnul.
   361 | D:4      | Reached ** piety under Kikubaaqudgha
   382 | D:4      | Noticed a water moccasin
   392 | D:4      | Killed a water moccasin
   393 | D:4      | Reached skill level 5 in Spellcasting
   393 | D:4      | Reached XP level 6. HP: 15/45 MP: 4/14
   395 | D:4      | HP: 2/45 [poisoned by a water moccasin]
   396 | D:5      | Entered Level 5 of the Dungeon
   434 | D:4      | Noticed Robin
   439 | D:4      | Killed Robin
   527 | D:4      | Reached skill level 6 in Earth Magic
   527 | D:4      | Reached XP level 7. HP: 34/50 MP: 0/16
   564 | D:4      | HP: 2/50 [orc priest/+0 falchion (4)]
   568 | D:4      | Killed from afar by an orc priest

Illustrated notes

Levels and vault maps discovered:
D:1:      wander_arrival_lonely_grave, layout_loops_corners,
          hellmonk_ecumenical_altar_arch_garden, reono_crystal_passage
D:2:      layout_loops_ring, serial_shops, nicolae_lakefront_shop,
          serial_forest, infiniplex_forest_clump_C,
          infiniplex_forest_lined_room_3, infiniplex_forest_clump_long,
          infiniplex_forest_clump_tiny, infiniplex_forest_end_2,
          infiniplex_forest_clump_small, infiniplex_forest_pool,
          chequers_serial_rivers_micro_d
D:3:      layout_basic, lemuel_tele_altar, saegor_snake_ambush
D:4:      layout_cave_pools, mainiacjoe_overflow_chevrons,
          minmay_temple_entry_grid, minmay_gold_behind_fungi, uniq_robin
D:5:      minmay_evil_eye, layout_basic, enter_ossuary_2,
          minmay_misc_feat_rugged

Skill      XL: |  1  2  3  4  5  6 |
---------------+-------------------+-----
Spellcasting   | 3 4 5 |  5.4
Earth Magic    | 4 5 6 |  6.0
Conjurations   | 1 2 3 |  3.2
Dodging        | |  2.4
Stealth        | |  1.4
Transmutations | |  1.2

Action                   |  1- 3 |  4- 6 |  7- 9 || total
-------------------------+-------+-------+-------++-------
Melee: Unarmed           |     1 |       |       ||     1
       Dagger            |       |       |     5 ||     5
 Cast: Sandblast         |    26 |    32 |       ||    58
       Passwall          |     2 |     1 |       ||     3
       Stone Arrow       |       |     4 |     2 ||     6
  Use: Potion            |       |       |     4 ||     4
Armor: Robe              |     1 |     4 |     3 ||     8
Dodge: Dodged            |     7 |     7 |     7 ||    21
